 Dungeon Crawl Stone Soup version 0.31-a0-819-gf6de2f5ab6 (webtiles) character file.

Game seed: 15324343653664619051

8 Dirtsage the Trooper (level 2, 20/24 HPs)
             Began as a Demonspawn Fighter on Sept 23, 2023.
             Quit the game on level 1 of the Dungeon.
             The game lasted 00:00:17 (171 turns).

Dirtsage the Trooper (Demonspawn Fighter)            Turns: 171, Time: 00:00:18

Health: 20/24      AC:  6    Str: 16    XL:     2   Next: 0%
Magic:  2/2        EV:  8    Int:  9    God:
Gold:   0          SH:  4    Dex: 12    Spells: 1/1 levels left

rFire   . . .        a - +0 war axe
rCold   . . .        c - +0 buckler
rNeg    . . .        b - +0 scale mail
rPois   .            (no helmet)
rElec   .            (no cloak)
rCorr   .            (no gloves)
SInv    .            (no boots)
Will    .....        (no amulet) Stlth
                     (no ring)
HPRegen 0.24/turn    (no ring)
MPRegen 0.08/turn

%: no passive effects
@: no status effects
A: demonic magic 1
a: no special abilities


You were on level 1 of the Dungeon.
You visited 1 branch of the dungeon, and saw 1 of its levels.

Inventory:

Hand Weapons
 a - a +0 war axe (weapon)
Armour
 b - a +0 scale mail (worn)
 c - a +0 buckler (worn)
Scrolls
 e - a scroll of identify {unknown}
Potions
 d - a potion of might


   Skills:
 - Level 3.0 Fighting
 + Level 2.5 Axes
 - Level 2.6 Armour
 - Level 2.6 Shields


You had one spell level left.
You didn't know any spells.
Your spell library was empty.

Dungeon Overview and Level Annotations

Branches:
Dungeon (1/15)

Altars:


Innate Abilities, Weirdness & Mutations

Spells you cast may paralyse adjacent enemies.


Message History

An endoplasm and a ball python come into view.
The endoplasm quivers.
The ball python hisses angrily.
A bat comes into view.
You see here a +0 chain mail.
The bat closely misses you. You block the ball python's attack.
The ball python grabs you. The ball python constricts you.
You barely miss the ball python. The bat hits you but does no damage.
The ball python bites you. The ball python constricts you.
The ball python bites you but does no damage.
The ball python constricts you.
You take 2 damage, and have 16/18 hp.
You closely miss the ball python. You closely miss the bat.
The bat hits you but does no damage. The ball python bites you.
The ball python constricts you. The bat hits you but does no damage.
The ball python bites you but does no damage.
The ball python constricts you.
You take 2 damage, and have 14/18 hp.
You slash the ball python!
You kill the ball python!
You barely miss the bat. The bat barely misses you.
You barely miss the endoplasm. You hit the bat but do no damage.
The bat hits you but does no damage. x2; The endoplasm barely misses you.
You block the bat's attack. You block the endoplasm's attack.
You slash the endoplasm!
You kill the endoplasm!
You miss the bat. The bat hits you but does no damage.
You block the bat's attack. You block the bat's attack.
The bat hits you but does no damage. The bat hits you.
You take 1 damage, and have 15/18 hp.
You slash the bat!
You kill the bat!
You have reached level 2!
Your demonic ancestry asserts itself...
A menacing aura infuses your magic.
You regained 5 hp, and now have 20/24 hp.
MP restored: 2 Are you sure you want to abandon this character and quit the game? (Confirm with "yes".)

######### ..#
########...)....
+++##.#
#........(......
....#.#
#...............
....#.#
#...............
.<..#.###.......@†#
....#...#.[.......#
'''##.#.'.........+
....#...#.†.......#
......###.........#
.......##.........#
######...[..##....#
#####.##..... #.#
.....


There were no monsters in sight!

Vanquished Creatures
  A dart slug (D:1)
  A bat (D:1)
  An endoplasm (D:1)
  A ball python (D:1)
  2 frilled lizards (D:1)
  A rat (D:1)
7 creatures vanquished.

Notes
Turn   | Place    | Note
-------+----------+-------------------------------------------
     0 | D:1      | Dirtsage the Demonspawn Fighter began the quest for the
                  | Orb.
     0 | D:1      | Reached XP level 1. HP: 18/18 MP: 1/1
   171 | D:1      | Gained mutation: Spells you cast may paralyse adjacent
                  | enemies. [demonic ancestry]
   171 | D:1      | Reached XP level 2. HP: 20/24 MP: 2/2
   171 | D:1      | Quit the game

Illustrated notes

Levels and vault maps discovered:
D:1:      dpeg_arrival_windows_large_door, layout_basic

Skill      XL: |  1 |
---------------+----+-----
Axes           | 2 |  2.5
Fighting       | |  3.0
Armour         | |  2.6
Shields        | |  2.6

Action                     || total
---------------------------++-------
  Melee: War axe           ||    33
 Armour: Scale mail        ||    32
  Dodge: Dodged            ||    16
  Block: Buckler           ||     9

Table legend: (Time is in decaauts)
 A = Elapsed time spent in this place.
 B = Non-inter-level travel time spent in this place.
 C = Inter-level travel time spent in this place.
 D = Time resting spent in this place.
 E = Time spent auto-exploring this place.
 F = Levels seen in this place.
 G = Mean time per level.
                   A        B        C        D        E       F      G
               +--------+--------+--------+--------+--------+-----+--------+
         Total |    185 |    185 |      0 |      0 |    115 |   1 |  185.0 |
       Dungeon |    185 |    185 |      0 |      0 |    115 |   1 |  185.0 |
               +--------+--------+--------+--------+--------+-----+--------+

Top non-repeatable levels by time:
     D:1: 185 daAuts
